 Dungeon Crawl Stone Soup version 0.30-a0-845-g7c6808c8ce (webtiles) character file.

Game seed: 10084275827240152151

5121 jasper the Thaumaturge (level 10, -11/76 HPs)
             Began as a Demonspawn Conjurer on Mar 2, 2023.
             Was a Follower of Vehumet.
             Mangled by a large abomination (24 damage)
             ... on level 2 of the Abyss.
             The game lasted 00:16:34 (8274 turns).

jasper the Thaumaturge (Demonspawn Conjurer)        Turns: 8274, Time: 00:16:35

Health: -11/76     AC:  6    Str:  7    XL:     10   Next: 32%
Magic:  27/33      EV: 14    Int: 23    God:    Vehumet [*.....]
Gold:   208        SH:  0    Dex: 13    Spells: 6/29 levels left

rFire   . . .      SeeInvis .    j - +2 dagger (elec)
rCold   . . .      Faith    .    (no shield)
rNeg    . . .      Spirit   .    a - +0 robe
rPois   .          Reflect  .    m - +2 helmet
rElec   .          Rampage  .    o - +0 cloak
rCorr   .                        (no gloves)
Will    .....                    (no boots)
Stlth   ++                       (no amulet)
HPRegen 0.32/turn                h - ring of magical power
MPRegen 0.46/turn                t - ring of wizardry

@: no status effects
A: hooves 1, demonic guardian 1, magic regeneration
a: Renounce Religion


You were on level 2 of the Abyss.
You worshipped Vehumet.
Vehumet was aware of your devotion.
You visited 2 branches of the dungeon, and saw 10 of its levels.
You visited the Abyss 1 time.

You collected 400 gold pieces.
You spent 192 gold pieces at shops.

Inventory:

Hand Weapons
 c - a +0 dagger
 d - a +3 heavy dagger
 j - a +2 dagger of electrocution (weapon)
 L - a +2 scimitar of flaming
Missiles
 n - 14 poisoned darts
 s - 11 boomerangs
Armour
 a - a +0 robe (worn)
 m - a +2 helmet (worn)
 o - a +0 cloak (worn)
 w - a +0 troll leather armour {Pargi}
Magical Staves
 M - a staff of fire
Jewellery
 h - a ring of magical power (left hand)
 k - a ring of willpower
 p - a +6 ring of strength
 t - a ring of wizardry (right hand)
 E - a ring of see invisible
 O - a ring of fire
Wands
 y - a wand of flame (18)
 A - a wand of iceblast (7)
 C - a wand of charming (6)
Scrolls
 l - a scroll of summoning
 v - 2 scrolls of fog
 x - 2 scrolls of immolation
 z - 2 scrolls of enchant weapon
 I - 3 scrolls of teleportation
 J - a scroll of silence
 K - a scroll of vulnerability
 N - a scroll of enchant armour
Potions
 b - 4 potions of magic
 e - 2 potions of cancellation
 f - 2 potions of flight
 g - 2 potions of ambrosia
 i - 3 potions of berserk rage
 q - 3 potions of haste
 r - a potion of attraction {unknown}
 u - 2 potions of invisibility
 B - a potion of might {unknown}
 D - a potion of mutation {unknown}
 F - 2 potions of lignification {unknown}
 G - 2 potions of resistance {unknown}
 H - 3 potions of curing


   Skills:
 + Level 5.9 Fighting
 + Level 5.8 Dodging
 - Level 1.7 Stealth
 * Level 10.1 Spellcasting
 - Level 8.0 Conjurations


You had 6 spell levels left.
You knew the following spells:

 Your Spells              Type           Power      Damage    Failure   Level
a - Magic Dart            Conj           100%       1d8       1%          1
b - Searing Ray           Conj           96%        2d7       1%          2
c - Fulminant Prism       Conj/Hex       15%        3d10      4%          4
d - Iskenderun's Mystic   Conj/Tloc      30%        2d8       4%          4
e - Mephitic Cloud        Conj/Pois/Air  23%        N/A       2%          3
f - Sublimation of Blood  Necr           11%        N/A       3%          2
g - Summon Hydra          Summ           5%         N/A       100%        7

Your spell library contained the following spells:

 Spells                   Type           Power      Damage    Failure   Level
 Sandblast                Erth           22%        2d7       2%          1
 Dazzling Flash           Conj/Hex       60%        N/A       1%          3
 Cigotuvi's Dreadful Rot  Necr/Pois/Air  22%        N/A       3%          2
 Lesser Beckoning         Tloc           22%        N/A       3%          2
 Poisonous Vapours        Pois/Air       22%        N/A       3%          2
 Wereblood                Tmut           11%        N/A       3%          2
 Gell's Gravitas          Tloc           11%        N/A       7%          3
 Teleport Other           Tloc           11%        N/A       7%          3


Dungeon Overview and Level Annotations

Branches:
Dungeon (9/15)             Temple (1/1) D:6
   Lair: D:8-11         Orc: D:9-12

Altars:
Ashenzari
Cheibriados
Dithmenos
Fedhas
Gozag
Kikubaaqudgha
Makhleb
Nemelex Xobeh
Ru
Trog
Uskayaw
Vehumet
Wu Jian
Xom
Yredelemnul

Shops:
D:6 !

Annotations:
D:4 Edmund
D:9 Erolcha


Innate Abilities, Weirdness & Mutations

You have large cloven feet.
A weak demonic guardian rushes to your aid.
You regenerate magic rapidly.


Message History

You now have 31/33 mp.
The searing ray hits the large abomination.
The large abomination is moderately damaged.
The searing ray hits the large abomination but does no damage.
The large abomination is moderately damaged.
You now have 30/33 mp.
The searing ray misses the large abomination.
You finish channelling your searing ray.
The large abomination hits you!!
A demonic guardian appears!
You take 19 damage, and have 45/76 hp.
MASSIVE DAMAGE!!
Casting: Searing Ray (safe; 1% risk of failure)
Confirm with . or Enter, or press ? or * to list all spells.
Aiming: Searing Ray (safe; 1% risk of failure)
Press: ? - help, Shift-Dir - straight line, f/p - large abomination
Aim: a large abomination (moderately damaged, ally target, 94% to hit)
The searing ray hits the large abomination!
The large abomination is moderately damaged.
Your demonic guardian avoids your attack. (Press . to maintain the ray.)
You now have 28/33 mp.
The searing ray hits the large abomination but does no damage.
The large abomination is moderately damaged.
Your demonic guardian avoids your attack.
The large abomination hits you.
Your iron imp closely misses the large abomination.
You take 1 damage, and have 45/76 hp.
The searing ray hits the large abomination.
The large abomination is heavily damaged.
Your demonic guardian avoids your attack.
Your iron imp hits the large abomination but does no damage.
The large abomination hits you!!
* * * LOW HITPOINT WARNING * * *
You take 33 damage, and have 12/76 hp.
MASSIVE DAMAGE!!
You now have 27/33 mp.
The searing ray hits the large abomination!
The large abomination is severely damaged.
Your demonic guardian avoids your attack.
You finish channelling your searing ray.
Your iron imp hits the large abomination!
The large abomination hits you!!
You die...

# ## # .#
~##. #.#
~5##...
#X≈≈#.#
#@≈~~#
#_#.#~~~#
## #.#
~~~ #.. #
#.. #.#
##


You could see a large abomination (ally target) and a friendly iron imp
(summoned).

Vanquished Creatures
  Erica (D:8)
  A two-headed ogre (D:8)
  Pikel (D:4)
  Prince Ribbit (D:8)
  A steam dragon (D:8)
  2 water moccasins
  Duvessa (D:7)
  2 orc warriors
  A black bear (D:6)
  2 ice beasts
  3 sky beasts
  Pargi (D:4)
  An ogre (D:5)
  4 lemures (D:4)
  3 centaurs
  3 phantoms
  2 kobold brigands
  2 bullfrogs
  A scorpion (D:4)
  Dowan (D:6)
  3 killer bees (D:9)
  4 jellies
  A centaur zombie (D:5)
  3 bullfrog zombies (D:5)
  2 hounds
  An orc priest (D:4)
  Crazy Yiuf (D:2)
  A bullfrog skeleton (D:5)
  Terence (D:3)
  Jessica (D:2)
  2 iguanas
  2 sleepcaps
  4 orc wizards
  2 hound skeletons (D:5)
  Robin (D:2)
  13 gnolls
  A howler monkey skeleton (D:5)
  5 adders
  A shadow imp (D:6)
  2 ufetubi
  2 adder zombies (D:5)
  A worm (D:1)
  3 dart slugs
  9 orcs
  4 ball pythons
  6 bats
  9 endoplasms
  17 goblins
  9 hobgoblins
  2 jackals (D:5)
  A quokka (D:3)
  3 frilled lizards
  14 kobolds
  4 rats
169 creatures vanquished.

Vanquished Creatures (collateral kills)
  Natasha (D:1)
  An endoplasm (D:1)
  A hobgoblin (D:1)
  A kobold (D:1)
4 creatures vanquished.

Vanquished Creatures (others)
  10 fulminant prisms
  14 plants (D:4)
24 creatures vanquished.

Grand Total: 197 creatures vanquished

Notes
Turn   | Place    | Note
-------+----------+-------------------------------------------
     0 | D:1      | jasper the Demonspawn Conjurer began the quest for the Orb.
     0 | D:1      | Reached XP level 1. HP: 13/13 MP: 3/3
   301 | D:1      | Gained mutation: A weak demonic guardian rushes to your
                  | aid. [demonic ancestry]
   301 | D:1      | Reached XP level 2. HP: 6/19 MP: 1/5
   500 | D:1      | Found a faded altar of an unknown god.
   771 | D:1      | Learned a level 2 spell: Searing Ray
  1145 | D:2      | Noticed Natasha
  1154 | D:1      | Killed Natasha
  1155 | D:1      | Reached XP level 3. HP: 11/24 MP: 0/6
  1391 | D:1      | Reached skill level 5 in Conjurations
  1455 | D:2      | Gained mutation: You have large cloven feet. [demonic
                  | ancestry]
  1455 | D:2      | Reached XP level 4. HP: 30/30 MP: 4/8
  1620 | D:2      | Noticed Jessica
  1628 | D:2      | Killed Jessica
  1629 | D:2      | Reached skill level 3 in Spellcasting
  1980 | D:2      | Found a runed translucent door.
  1986 | D:2      | Learned a level 4 spell: Fulminant Prism
  1986 | D:2      | Noticed Crazy Yiuf
  2089 | D:2      | Gained mutation: You regenerate magic rapidly. [demonic
                  | ancestry]
  2089 | D:2      | Reached XP level 5. HP: 31/35 MP: 9/9
  2111 | D:2      | Noticed Robin
  2115 | D:2      | Killed Robin
  2116 | D:2      | Found a shadowy altar of Dithmenos.
  2315 | D:2      | Killed Crazy Yiuf
  2457 | D:3      | Noticed Terence
  2462 | D:3      | Killed Terence
  3149 | D:4      | Learned a level 4 spell: Iskenderun's Mystic Blast
  3155 | D:4      | Noticed a phantom
  3162 | D:4      | Killed a phantom
  3163 | D:4      | Reached XP level 6. HP: 41/41 MP: 11/11
  3219 | D:4      | Noticed Pargi
  3230 | D:4      | Killed Pargi
  3231 | D:4      | Reached skill level 4 in Spellcasting
  3309 | D:4      | Noticed Edmund
  3362 | D:5      | Entered Level 5 of the Dungeon
  3402 | D:5      | Noticed an ice beast
  3447 | D:4      | Reached XP level 7. HP: 46/46 MP: 13/13
  3578 | D:4      | Noticed Pikel
  3757 | D:4      | Killed Pikel
  3758 | D:4      | Reached skill level 6 in Spellcasting
  3758 | D:4      | Reached XP level 8. HP: 51/52 MP: 3/17
  4056 | D:4      | Reached skill level 1 in Fighting
  4260 | D:5      | Reached skill level 7 in Spellcasting
  4908 | D:6      | Found a staircase to the Ecumenical Temple.
  4926 | Temple   | Entered the Ecumenical Temple
  4979 | Temple   | Became a worshipper of Vehumet
  5021 | D:6      | Noticed Dowan
  5023 | D:6      | Noticed Duvessa
  5038 | D:6      | Killed Dowan
  5039 | D:6      | Reached XP level 9. HP: 54/64 MP: 20/20
  5104 | D:7      | HP: 3/64 [Duvessa/+0 short sword of electrocution (16)]
  5113 | D:7      | Killed Duvessa
  5300 | D:6      | Reached skill level 8 in Spellcasting
  5331 | D:6      | Found Voderhobb's Distillery.
  5367 | D:6      | Bought a potion of curing for 36 gold pieces
  5367 | D:6      | Bought a potion of curing for 36 gold pieces
  5367 | D:6      | Bought a potion of haste for 120 gold pieces
  6906 | D:8      | Learned a level 3 spell: Mephitic Cloud
  6909 | D:8      | Learned a level 2 spell: Sublimation of Blood
  6917 | D:8      | Learned a level 7 spell: Summon Hydra
  6951 | D:8      | Reached * piety under Vehumet
  6951 | D:8      | Offered knowledge of Sandblast by Vehumet.
  7121 | D:8      | Noticed a two-headed ogre
  7134 | D:8      | Killed a two-headed ogre
  7135 | D:8      | Reached skill level 5 in Fighting
  7135 | D:8      | Reached skill level 5 in Dodging
  7135 | D:8      | Reached skill level 9 in Spellcasting
  7226 | D:8      | Noticed Erica
  7236 | D:8      | Killed Erica
  7237 | D:8      | Reached XP level 10. HP: 71/74 MP: 18/23
  7460 | D:8      | Noticed Prince Ribbit
  7468 | D:8      | Killed Prince Ribbit
  7679 | D:9      | Reached skill level 10 in Spellcasting
  8128 | D:9      | Noticed Erolcha
  8133 | Abyss:2  | Cast into level 2 of the Abyss (Erolcha)
  8222 | Abyss:2  | Noticed a rakshasa
  8237 | Abyss:2  | Found a corrupted altar of Lugonu.
  8274 | Abyss:2  | Mangled by a large abomination

Illustrated notes

Levels and vault maps discovered:
D:1:      amcnicky_arrival_underground_garden, layout_loops_ring,
          hellmonk_ecumenical_altar_pennies_from_heaven
D:2:      layout_rooms, basic_altar, uniq_robin, uniq_jessica,
          uniq_crazy_yiuf_cottage, uniq_natasha
D:3:      layout_loops_ring, hex_large, uniq_terence
D:4:      layout_basic, serial_bayou, serial_bayou_lagoon_a,
          serial_bayou_pond_b, serial_bayou_crossing, serial_bayou_pond_a,
          serial_bayou_lagoon_b, serial_bayou_ford_a, uniq_pikel, uniq_edmund,
          uniq_pargi
D:5:      layout_rooms, serial_undead, serial_undead_b, serial_undead_e,
          serial_undead_d, serial_undead_e, serial_undead_c, serial_undead_a
D:6:      layout_loops_ring, minmay_temple_entry_drinking_statues, serial_shops,
          nicolae_square_shop, uniq_duvessa
D:7:      layout_loops_ring
D:8:      layout_basic, uniq_erica, uniq_prince_ribbit1
D:9:      layout_rooms, kennysheep_diamond, grunt_ministairs_7, uniq_erolcha
Temple:   nicolae_temple_bog_church
Abyss:2:  base:
D:3

Skill      XL: |  1  2  3  4  5  6  7  8  9 10 |
---------------+-------------------------------+-----
Conjurations   | 5 6 7 8 |  8.0
Spellcasting   | 3 4 6 7 9 10 | 10.1
Fighting       | 3 5 |  5.9
Dodging        | 3 5 |  5.8
Stealth        | |  1.7

Action                     |  1- 3 |  4- 6 |  7- 9 | 10-12 || total
---------------------------+-------+-------+-------+-------++-------
  Melee: Dagger            |    26 |     3 |    54 |       ||    83
         Kick              |       |       |    12 |       ||    12
         Punch             |       |       |     1 |       ||     1
   Cast: Magic Dart        |    43 |    87 |   143 |    17 ||   290
         Searing Ray       |     3 |    12 |    50 |    17 ||    82
         Iskenderun's Myst |       |       |     1 |     6 ||     7
         Fulminant Prism   |       |       |     5 |     6 ||    11
         Mephitic Cloud    |       |       |     2 |     2 ||     4
  Evoke: Wand              |       |       |    10 |       ||    10
    Use: Scroll            |     6 |     7 |    11 |     1 ||    25
         Potion            |       |       |     3 |     2 ||     5
   Stab: Distracted        |       |     1 |       |       ||     1
         Confused          |       |       |     1 |       ||     1
 Armour: Robe              |     4 |     8 |    50 |     6 ||    68
  Dodge: Dodged            |    22 |    19 |    83 |    24 ||   148

Table legend: (Time is in decaauts)
 A = Elapsed time spent in this place.
 B = Non-inter-level travel time spent in this place.
 C = Inter-level travel time spent in this place.
 D = Time resting spent in this place.
 E = Time spent auto-exploring this place.
 F = Levels seen in this place.
 G = Mean time per level.
                   A        B        C        D        E       F      G
               +--------+--------+--------+--------+--------+-----+--------+
         Total |   8285 |   7862 |    423 |   1404 |   5158 |  11 |  753.2 |
       Dungeon |   8067 |   7664 |    403 |   1286 |   5123 |   9 |  896.3 |
        Temple |     76 |     56 |     20 |      0 |     34 |   1 |   76.0 |
         Abyss |    140 |    140 |      0 |    118 |      0 |   1 |  140.0 |
               +--------+--------+--------+--------+--------+-----+--------+

Top non-repeatable levels by time:
     D:1: 1563 daAuts
     D:8: 1126 daAuts
     D:6: 999 daAuts
     D:4: 964 daAuts
     D:7: 925 daAuts
     D:2: 821 daAuts
     D:3: 712 daAuts
     D:5: 667 daAuts
     D:9: 288 daAuts
 Abyss:2: 140 daAuts
  Temple: 76 daAuts
